 Dungeon Crawl Stone Soup version 0.28.0-53-g5a82cb258f (webtiles) character file.

Game seed: 4207959408244831487

78450 Infinimo the Cutthroat (level 16, -9/157 HPs)
             Began as a Kobold Berserker on June 13, 2022.
             Was a High Priest of Trog.
             Hit by a large rock thrown by a cyclops (29 damage)
             ... on level 14 of the Dungeon.
             The game lasted 00:31:11 (27666 turns).

Infinimo the Cutthroat (Kobold Berserker)          Turns: 27666, Time: 00:31:12

Health: -9/157     AC: 13    Str: 19    XL:     16   Next: 8%
Magic:  16/16      EV: 24    Int: 10    God:    Trog [*****.]
Gold:   1658       SH:  0    Dex: 20    Spells: 15/15 levels left

rFire   . . .      SeeInvis +   w - +2 rapier (elec)
rCold   + . .      Faith    .   (no shield)
rNeg    . . .      Spirit   .   L - +0 ring mail of Boica {Rampage rPois rCorr Str+4}
rPois   +          Reflect  .   r - +2 helmet
rElec   .          Harm     .   l - +0 cloak
rCorr   +          Rampage  +   U - +1 pair of gloves
Will    +....                   K - +1 pair of boots {Fly}
Stlth   ..........              A - amulet of the acrobat
HPRegen 0.36/turn               i - ring of protection from cold
MPRegen 0.15/turn               p - ring of see invisible

@: berserking, flying, studying 2 skills, very quick
A: small, no large weapons, nightstalker 3
a: Renounce Religion, Berserk, Trog's Hand, Brothers in Arms


You were on level 14 of the Dungeon.
You worshipped Trog.
Trog was extremely pleased with you.
You visited 2 branches of the dungeon, and saw 20 of its levels.
You also visited: Ossuary.

You collected 1658 gold pieces.

Inventory:

Hand Weapons
 w - a +2 rapier of electrocution (weapon)
Missiles
 e - 7 throwing nets (quivered)
Armour
 l - a +0 cloak (worn)
 r - a +2 helmet (worn)
 K - a +1 pair of boots of flying (worn)
 L - the +0 ring mail of Boica (worn) {Rampage rPois rCorr Str+4}
   (You found it on level 9 of the Dungeon)

   Str:       It affects your strength (+4).
   rPois:     It protects you from poison.
   rCorr:     It protects you from acid and corrosion.
   Rampage:   It bestows one free step when moving towards enemies.
 U - a +1 pair of gloves (worn)
Jewellery
 d - an amulet of magic regeneration
 i - a ring of protection from cold (left hand)
 p - a ring of see invisible (right hand)
 A - an amulet of the acrobat (around neck)
 G - a ring of protection from cold
Wands
 b - a wand of charming (11)
 m - a wand of paralysis (11)
 C - a wand of iceblast (20)
 F - a wand of acid (19)
 H - a wand of flame (29)
 N - a wand of mindburst (11)
Scrolls
 n - 4 scrolls of fog
 v - 2 scrolls of blinking
 y - 2 scrolls of brand weapon
 E - 2 scrolls of enchant armour
 J - 10 scrolls of identify
 M - a scroll of fear
 S - a scroll of teleportation
Potions
 a - 9 potions of mutation
 c - 8 potions of curing
 g - 2 potions of attraction
 h - 6 potions of haste
 j - a potion of invisibility
 k - 10 potions of ambrosia
 s - 6 potions of heal wounds
 u - a potion of resistance
 x - 3 potions of flight
 z - 5 potions of berserk rage
 D - 3 potions of magic
 O - a potion of lignification
 P - 2 potions of cancellation
 Q - 3 potions of might


   Skills:
 + Level 13.9 Fighting
 * Level 22.0 Short Blades
 - Level 1.8 Armour
 + Level 15.6 Dodging
 + Level 20.6 Stealth


You had 15 spell levels left.
You didn't know any spells.
Your spell library was empty.

Dungeon Overview and Level Annotations

Branches:
Dungeon (14/15)            Temple (0/1) D:5            Lair (6/6) D:8
  Swamp (0/4) Lair:4        Snake (0/4) Lair:2        Slime (0/5) Lair:6
    Orc (0/2) D:10         Vaults (0/5) D:13        Ossuary (visited)

Altars:
Elyvilon
Gozag
Kikubaaqudgha
Nemelex Xobeh
Wu Jian
Beogh
Lugonu

Shops:
D:3 [   D:9 (

Portals:
Abyss: Lair:6


Innate Abilities, Weirdness & Mutations

You are small and have problems with some larger weapons.
You are completely attuned to the shadows.


Message History

The fire dragon barely misses you.
The fire dragon completely misses you. x2
The ettin completely misses you. The ettin misses you.
You hit the fire dragon but do no damage.
Lightning courses through the fire dragon!
You kill the fire dragon!
Trog accepts your kill.
The fire dragon scales are intact enough to wear.
You puncture the ettin! Lightning courses through the ettin!!
The ettin is heavily wounded.
The ettin hits you with a +0 dire flail!
* * * LOW HITPOINT WARNING * * *
The ettin misses you.
You hit the ettin but do no damage.
The ettin is heavily wounded.
You puncture the ettin! Lightning courses through the ettin!!
You kill the ettin!
Trog accepts your kill. The ettin closely misses you. The ettin misses you.
You impale the ettin!! Lightning courses through the ettin!
The ettin is heavily wounded.
You puncture the ettin!
The ettin is severely wounded.
A cyclops comes into view.
The cyclops shouts!
You puncture the ettin!
The ettin is almost dead.
The ettin closely misses you. The ettin barely misses you.
You hit the ettin.
The ettin is almost dead.
The skeletal warrior completely misses you.
You hit the ettin but do no damage.
The ettin is almost dead.
The ettin hits you with a +0 dire flail!!
* * * LOW HITPOINT WARNING * * *
The ettin misses you.
You puncture the ettin!
You kill the ettin!
Trog accepts your kill.
The cyclops throws a large rock.
The large rock hits you!!
You die...

...†)##.....#
#.####......#.
#.###.........
#...........#.
#.#........##.#.....#
#.....###.##.##.....#
#....##..†..##.......
#...##.##.###...z[...
..#.#.##........@)...
#.#.#.........))|.C
#......†....).):"..
#.#.#.........":[..
#.#.##............?
#.##.##.###.......
#..##.....##.....
#...###.##.##.
<........##.#


You could see a skeletal warrior and a cyclops.

Vanquished Creatures
  A tengu reaver (D:14)
  A fire giant (D:13)
  A frost giant (D:13)
  4 ettins
  A fire dragon (D:14)
  Erolcha (D:9)
  Harold (D:10)
  Fannar (D:11)
  2 boulder beetles (Lair:1)
  8 hydras
  Erica (D:9)
  A catoblepas (Lair:4)
  An ogre mage (D:14)
  A centaur warrior (D:13)
  A death knight (D:13)
  3 two-headed ogres
  Urug (Lair:1)
  3 thrashing horrors (Lair:6)
  A fire crab (shapeshifter) (Lair:6)
  A shadow wraith (D:13)
  A skeletal warrior (D:13)
  Pikel (D:5)
  A phantasmal warrior (D:13)
  A lindwurm (Lair:6)
  A cyclops (D:12)
  7 elephants
  7 ugly things
  2 manticores
  The ghost of Descartes the Cudgeller, a novice TrWr of Gozag (D:4)
  5 black mambas
  A smoke demon (Lair:6)
  4 gargoyles
  5 cane toads
  5 torpor snails
  3 unseen horrors
  Psyche (D:11)
  9 komodo dragons
  2 kobold demonologists
  Maggie (D:9)
  4 rime drakes
  3 freezing wraiths (D:13)
  3 trolls
  2 ancient zymes (Lair:6)
  2 polar bears
  A queen bee (Lair:4)
  3 meliai (Lair:4)
  A wind drake (shapeshifter) (Lair:6)
  16 blink frogs
  A hornet (D:10)
  4 slime creatures (D:14)
  A meliai zombie (D:11)
  17 dream sheep
  A shadow (D:12)
  A vampire (D:12)
  A wraith (D:10)
  51 yaks
  3 wyverns
  2 spriggans (Lair:6)
  8 basilisks
  3 chaos spawn (Lair:6)
  A redback (D:14)
  4 large abominations (Lair:6)
  2 steam dragons
  7 vampire mosquitoes
  A swamp worm (Lair:4)
  An acid dragon (D:10)
  17 water moccasins
  A meliai simulacrum (D:14)
  10 orc warriors
  2 sky beasts
  A necrophage (D:5)
  A black bear (D:3)
  2 ogres
  2 lemures (D:5)
  59 wolves
  5 centaurs (D:9)
  13 kobold brigands
  19 bullfrogs
  2 scorpions
  8 small abominations (Lair:6)
  22 killer bees (Lair:4)
  12 wights
  2 vampire bats
  2 howler monkeys
  2 electric eels
  5 centaur zombies
  3 human zombies (Ossuary)
  3 jellies
  A centaur skeleton (D:6)
  7 orc priests
  2 hounds (D:6)
  A bullfrog skeleton (D:5)
  Crazy Yiuf (D:2)
  3 iguanas
  8 orc wizards
  Ijyb (D:3)
  7 hell rats (Lair:5)
  3 killer bee zombies
  5 mummies (Ossuary)
  A howler monkey zombie (D:8)
  Robin (D:2)
  11 gnolls
  3 adders
  2 howler monkey skeletons (D:4)
  2 white imps
  An ufetubus (D:6)
  2 adder skeletons (D:4)
  7 worms
  3 dart slugs
  30 orcs
  3 bat skeletons (D:3)
  2 bat zombies (D:3)
  2 endoplasms (D:1)
  2 giant cockroaches
  A gnoll zombie (Ossuary)
  10 goblins
  14 hobgoblins
  3 jackals (D:1)
  2 quokkas
  8 ball pythons
  10 bats
  3 frilled lizards
  2 goblin zombies (Ossuary)
  19 kobolds
  4 rats
617 creatures vanquished.

Vanquished Creatures (others)
  An iguana (D:7)
  A bush (Lair:5)
  75 fungi
  82 plants
159 creatures vanquished.

Grand Total: 776 creatures vanquished

Notes
Turn   | Place    | Note
-------+----------+-------------------------------------------
     0 | D:1      | Infinimo the Kobold Berserker began the quest for the Orb.
     0 | D:1      | Reached XP level 1. HP: 14/14 MP: 1/1
   160 | D:1      | Reached XP level 2. HP: 16/19 MP: 2/2
   733 | D:1      | Reached XP level 3. HP: 23/23 MP: 3/3
   836 | D:1      | Found a faded altar of an unknown god.
   936 | D:1      | Reached ** piety under Trog
   937 | D:1      | Reached skill level 1 in Stealth
  1167 | D:2      | Found a runed translucent door.
  1170 | D:2      | Noticed Crazy Yiuf
  1249 | D:2      | Reached XP level 4. HP: 29/29 MP: 4/4
  1251 | D:2      | Reached skill level 5 in Short Blades
  1447 | D:2      | Noticed Robin
  1454 | D:2      | Killed Robin
  2103 | D:2      | Reached XP level 5. HP: 31/33 MP: 5/5
  2282 | D:2      | Killed Crazy Yiuf
  2980 | D:3      | Reached skill level 6 in Short Blades
  2980 | D:3      | Reached XP level 6. HP: 26/38 MP: 6/6
  3216 | D:3      | Found Exoykk's Armour Emporium.
  3220 | D:3      | Noticed a black bear
  3226 | D:3      | Killed a black bear
  3571 | D:3      | Noticed Ijyb
  3578 | D:3      | Paralysed by Ijyb for 6 turns
  3592 | D:3      | Killed Ijyb
  3657 | D:3      | Found an ancient bone altar of Kikubaaqudgha.
  3671 | D:3      | Reached XP level 7. HP: 33/44 MP: 7/7
  4228 | D:4      | Found a sand-covered staircase.
  4233 | Ossuary  | Entered an ossuary
  4340 | Ossuary  | Reached skill level 7 in Short Blades
  4793 | Ossuary  | Reached skill level 5 in Fighting
  5019 | D:4      | Reached *** piety under Trog
  5068 | D:4      | Found a runed translucent gate.
  5073 | D:4      | Noticed Descartes's ghost (novice TrWr)
  5079 | D:4      | Found a runed translucent gate.
  5080 | D:4      | Found a runed translucent gate.
  5417 | D:4      | Noticed a water moccasin
  5426 | D:4      | Killed a water moccasin
  5427 | D:4      | Reached skill level 8 in Short Blades
  5427 | D:4      | Reached skill level 5 in Dodging
  5427 | D:4      | Reached skill level 5 in Stealth
  5427 | D:4      | Reached XP level 8. HP: 47/49 MP: 8/8
  5663 | D:4      | Found a large runed translucent door.
  5664 | D:4      | Found a large runed translucent door.
  5964 | D:4      | Killed Descartes's ghost
  5965 | D:4      | Reached skill level 9 in Short Blades
  6026 | D:4      | Found an opulent altar of Gozag.
  6033 | D:4      | Found an ornate altar of the Wu Jian Council.
  6074 | D:5      | Entered Level 5 of the Dungeon
  6244 | D:5      | Found a staircase to the Ecumenical Temple.
  6275 | D:5      | Reached XP level 9. HP: 55/55 MP: 9/9
  6463 | D:5      | Noticed Pikel
  6498 | D:5      | Killed Pikel
  6499 | D:5      | Reached skill level 10 in Short Blades
  6902 | D:6      | Reached **** piety under Trog
  7329 | D:6      | Reached skill level 11 in Short Blades
  8276 | D:7      | Found a sparkling altar of Nemelex Xobeh.
  8383 | D:7      | Reached XP level 10. HP: 56/63 MP: 10/10
  9003 | D:7      | Noticed a komodo dragon
  9014 | D:7      | Killed a komodo dragon
  9015 | D:7      | Reached skill level 12 in Short Blades
 10013 | D:8      | Noticed a two-headed ogre
 10029 | D:8      | Killed a two-headed ogre
 10030 | D:8      | Reached skill level 13 in Short Blades
 10201 | D:8      | Found a staircase to the Lair.
 10541 | D:9      | Identified the +0 ring mail of Boica {Rampage rPois rCorr
                  | Str+4}
 10587 | D:9      | Noticed Erolcha
 10590 | D:9      | Killed Erolcha
 10591 | D:9      | Reached skill level 10 in Stealth
 10591 | D:9      | Reached XP level 11. HP: 69/69 MP: 11/11
 10729 | D:9      | Noticed Erica
 10732 | D:9      | Killed Erica
 10733 | D:9      | Reached skill level 14 in Short Blades
 10761 | D:9      | Noticed a two-headed ogre
 10763 | D:9      | Killed a two-headed ogre
 10842 | D:9      | Noticed Maggie
 10846 | D:9      | Killed Maggie
 11024 | D:9      | Found Gelil's Antique Weapon Shoppe.
 11546 | D:10     | Entered Level 10 of the Dungeon
 11696 | D:10     | Noticed a sea snake
 11928 | D:10     | Found a staircase to the Orcish Mines.
 12234 | D:10     | Noticed Harold
 12236 | D:10     | Killed Harold
 12237 | D:10     | Reached skill level 15 in Short Blades
 12432 | D:10     | Reached skill level 10 in Dodging
 13160 | Lair:1   | Entered Level 1 of the Lair of Beasts
 13205 | Lair:1   | Reached XP level 12. HP: 75/76 MP: 12/12
 13529 | Lair:1   | Found a transporter.
 13529 | Lair:1   | Found a transporter.
 13699 | Lair:1   | Noticed Urug
 13701 | Lair:1   | Killed Urug
 13767 | Lair:1   | Reached skill level 10 in Fighting
 14205 | Lair:1   | Noticed a boulder beetle
 14205 | Lair:1   | Noticed a boulder beetle
 14221 | Lair:1   | Killed a boulder beetle
 14222 | Lair:1   | Reached skill level 16 in Short Blades
 14228 | Lair:1   | Killed a boulder beetle
 14325 | Lair:1   | Identified a scroll of acquirement
 14325 | Lair:1   | Acquired a manual of Stealth
 14458 | Lair:2   | Reached ***** piety under Trog
 14710 | Lair:2   | Reached skill level 17 in Short Blades
 14710 | Lair:2   | Reached XP level 13. HP: 83/83 MP: 13/13
 16005 | Lair:2   | Reached skill level 15 in Stealth
 16010 | Lair:2   | Reached skill level 18 in Short Blades
 16242 | Lair:2   | Found a staircase to the Snake Pit.
 16704 | Lair:3   | Noticed an eight-headed hydra
 16737 | Lair:3   | Killed an eight-headed hydra
 17168 | Lair:3   | Noticed a six-headed hydra
 17172 | Lair:3   | Killed a six-headed hydra
 18404 | Lair:4   | Noticed a seven-headed hydra
 18413 | Lair:4   | Killed a seven-headed hydra
 18414 | Lair:4   | Reached XP level 14. HP: 91/91 MP: 14/14
 18659 | Lair:4   | You are sucked into a shaft and drop 2 floors!
 18659 | Lair:6   | Entered Level 6 of the Lair of Beasts
 18824 | Lair:5   | Received a gift from Trog
 18887 | Lair:5   | Reached skill level 19 in Short Blades
 19131 | Lair:4   | Found a staircase to the Swamp.
 21836 | Lair:6   | Received a gift from Trog
 22151 | Lair:6   | Reached skill level 20 in Short Blades
 22562 | Lair:6   | Found a staircase to the Slime Pits.
 23423 | Lair:6   | Reached XP level 15. HP: 97/97 MP: 15/15
 23855 | Lair:6   | Found a corrupted altar of Lugonu.
 23857 | Lair:6   | Found a one-way gate to the infinite horrors of the Abyss.
 24144 | D:11     | Noticed Fannar
 24147 | D:11     | Killed Fannar
 24148 | D:11     | Acquired a manual of Dodging
 24194 | D:11     | Noticed Psyche
 24196 | D:11     | Killed Psyche
 24669 | D:11     | Reached skill level 21 in Short Blades
 25367 | D:12     | Found a white marble altar of Elyvilon.
 26419 | D:13     | Found a gate to the Vaults.
 26602 | D:13     | Received a gift from Trog
 26605 | D:13     | Noticed a fire giant
 26607 | D:13     | Killed a fire giant
 26612 | D:13     | Reached skill level 15 in Dodging
 26897 | D:13     | Noticed a frost giant
 26901 | D:13     | Killed a frost giant
 27627 | D:14     | Reached XP level 16. HP: 105/105 MP: 16/16
 27641 | D:14     | Noticed a tengu reaver
 27646 | D:14     | Killed a tengu reaver
 27647 | D:14     | Reached skill level 22 in Short Blades
 27666 | D:14     | Hit by a large rock thrown by a cyclops

Illustrated notes

Levels and vault maps discovered:
D:1:      minmay_arrival_wavy_path, layout_rooms,
          shapermc_ecumenical_altar_rom_forum
D:2:      layout_loops_corners, uniq_robin, uniq_crazy_yiuf_cottage
D:3:      layout_loops_ring, kennysheep_vampire_church, serial_aquarium,
          aquarium_bridge_square [aquarium_subvault_bridge,
          aquarium_subvault_balcony, aquarium_subvault_wall,
          aquarium_subvault_bridge], aquarium_window_1, aquarium_window_1,
          aquarium_window_fake, aquarium_window_corridor_1, aquarium_view_2e,
          aquarium_view_2a, aquarium_balcony_3a, serial_shops, shop, uniq_ijyb
D:4:      layout_gridville, jmf_multi_god_temple2, gammafunk_ghost_split,
          enter_ossuary_5, nicolae_wormholes
D:5:      layout_rooms, minmay_temple_entry_junction,
          chequers_serial_rivers_micro_c, uniq_pikel
D:6:      layout_rooms, abandoned_shop, roderic_batcave, lemuel_flamethrower_2
D:7:      layout_basic, nemelex_xobeh_ov_fountains_minmay, lemuel_flamethrower_1
D:8:      layout_basic, due_lair_maze_entry_diamond
D:9:      layout_loops_ring, serial_shops, nicolae_shop_overgrown_old_shop,
          hangedman_decor_growths, minmay_increasing_density, uniq_erica,
          uniq_maggie, uniq_erolcha
D:10:     layout_basic, minmay_orc_entry_temple_large, serial_aquarium,
          aquarium_bridge_long_joined [aquarium_subvault_wall,
          aquarium_subvault_balcony, aquarium_subvault_bridge,
          aquarium_subvault_bridge, aquarium_subvault_window,
          aquarium_subvault_balcony], aquarium_bridge_straight
          [aquarium_subvault_bridge, aquarium_subvault_wall,
          aquarium_subvault_bridge, aquarium_subvault_window],
          aquarium_window_1, aquarium_window_corner, aquarium_view_2e,
          aquarium_view_2f, aquarium_balcony_1a, aquarium_pool_double,
          nrook_mini_vaults, kennysheep_cross_room, uniq_harold
D:11:     layout_rooms, special_room [special_room_kobold], uniq_psyche,
          uniq_fannar
D:12:     layout_stronghold, elyvilon_altar_3
D:13:     layout_loops_ring, david_vaults_4, gauntlet_entry_generic,
          minmay_diamond_spiral
D:14:     minmay_strange_plus, layout_loops_corners, serial_shops,
          nicolae_shop_crystal, small_statue_alley_a
Lair:1:   gammafunk_boulding_lane, layout_cave_pods, lemuel_fruit_tree,
          uniq_urug
Lair:2:   layout_chaotic_city, dummy_snake_entry, grunt_forest_large_clearings
Lair:3:   layout_regular_city, lemuel_fruit_fields
Lair:4:   layout_roguey [special_room_bee], minmay_swamp_entry_worms,
          infiniplex_staircase_pool, serial_bayou_shore_b, serial_bayou_shore_b
Lair:5:   layout_cave_pods, infiniplex_staircase_pool_2, grunt_megastairs_2,
          serial_bayou_shore_a
Lair:6:   hellmonk_lair_end_abyssal_woods, layout_cave_pods, slime_dummy,
          grunt_megastairs_4

Skill      XL: |  1  2  3  4  5  6  7  8  9 10 11 12 13 14 15 16 |
---------------+-------------------------------------------------+-----
Stealth        | 1 2 3 5 6 8 10 11 13 16 18 20 | 20.6
Dodging        | 3 4 5 6 7 8 10 11 12 13 15 | 15.6
Short Blades   | 5 6 8 9 11 13 15 17 18 20 21 22 | 22.0
Fighting       | 4 5 6 7 8 9 10 11 12 13 | 13.9
Armour         | |  1.8

Action                   |  1- 3 |  4- 6 |  7- 9 | 10-12 | 13-15 | 16-18 || total
-------------------------+-------+-------+-------+-------+-------+-------++-------
Melee: Falchion          |    73 |   157 |   127 |       |       |       ||   357
       Punch             |     2 |     3 |     4 |    11 |    15 |       ||    35
       Short sword       |       |       |   164 |       |       |       ||   164
       Rapier            |       |       |    70 |   494 |  1260 |    21 ||  1845
Invok: Berserk           |     1 |     7 |     4 |    15 |    25 |     1 ||    53
  Use: Scroll            |     1 |       |     9 |    14 |     9 |       ||    33
       Potion            |       |     1 |       |       |     3 |       ||     4
 Stab: Sleeping          |     8 |     1 |    31 |    29 |    61 |     1 ||   131
       Distracted        |       |     2 |       |     4 |    15 |       ||    21
Armor: Animal skin       |     6 |       |       |       |       |       ||     6
       Robe              |     8 |    44 |    67 |       |       |       ||   119
       Leather armour    |       |       |     7 |    20 |       |       ||    27
       Ring mail         |       |       |       |    34 |   178 |     1 ||   213
Dodge: Dodged            |    76 |   196 |   200 |   256 |   994 |    22 ||  1744
